 Dungeon Crawl Stone Soup version 0.29-a0-219-g0a02b1cf4f (webtiles) character file.

Game seed: 990768924757385620

252 jlumianski the Grave Robber (level 5, -1/36 (37) HPs)
             Began as a Demonspawn Necromancer on Feb 25, 2022.
             Slain by an orc
             ... wielding a +0 trident
              (6 damage)
             ... on level 4 of the Dungeon.
             The game lasted 00:12:22 (3313 turns).

jlumianski the Grave Robber (DsNe)                  Turns: 3313, Time: 00:12:23

HP:   -1/36 (37)    AC:  4    Str: 10    XL:     5   Next: 89%
MP:   2/9           EV: 11    Int: 16    God:
Gold: 229           SH:  0    Dex: 14    Spells: 5/10 levels left

rFire   . . .      SeeInvis .   n - +2 mace (protect)
rCold   . . .      Faith    .   (no shield)
rNeg    . . .      Spirit   .   q - +0 leather armour
rPois   .          Reflect  .   (no helmet)
rElec   .          Harm     .   (no cloak)
rCorr   .          Rampage  .   k - +0 pair of gloves
Will    .....                   (no boots)
Stlth   ++........              (no amulet)
HPRegen 0.12/turn               (no ring)
MPRegen 0.11/turn               (no ring)

@: mighty, lightly drained
A: weakness stinger 2
a: no special abilities


You were on level 4 of the Dungeon.
You visited 1 branch of the dungeon, and saw 4 of its levels.

You collected 229 gold pieces.

Inventory:

Hand Weapons
 e - a +0 dagger
 f - a +0 short sword
 i - a +0 spear
 n - a +2 mace of protection (weapon)
Missiles
 h - 50 stones
 t - 2 boomerangs
Armour
 a - a +0 robe
 k - a +0 pair of gloves (worn)
 m - a +0 scale mail
 p - a +0 ring mail
 q - a +0 leather armour (worn)
Jewellery
 d - a ring of ice
 g - an amulet of guardian spirit
Scrolls
 b - 2 scrolls of silence {unknown}
 c - 6 scrolls of identify {unknown}
 l - a scroll of fog {unknown}
 r - a scroll of fear {unknown}
 u - a scroll of teleportation {unknown}
 v - 2 scrolls of vulnerability {unknown}
Potions
 j - a potion of might
 s - a potion of flight {unknown}
 w - a potion of magic {unknown}


   Skills:
 + Level 1.4 Fighting
 + Level 2.0 Maces & Flails
 + Level 0.7 Armour
 + Level 2.0 Dodging
 + Level 2.6 Stealth
 + Level 3.2 Spellcasting
 + Level 5.5 Necromancy


You had 5 spell levels left.
You knew the following spells:

 Your Spells              Type           Power      Damage    Failure   Level
a - Pain                  Necr           80%        1d8       2%          1
b - Animate Skeleton      Necr           40%        N/A       2%          1
c - Vampiric Draining     Necr           20%        2d7       8%          3

Your spell library contained the following spells:

 Spells                   Type           Power      Damage    Failure   Level
 Corpse Rot               Necr/Air       22%        N/A       12%         2
 Animate Dead             Necr           10%        N/A       26%         4
 Dispel Undead            Necr           20%        3d11      26%         4
 Blink                    Tloc           4%         N/A       36%         2
 Poisonous Vapours        Pois/Air       4%         N/A       36%         2
 Agony                    Necr           20%        N/A       56%         5
 Lesser Beckoning         Tloc           2%         N/A       58%         3
 Manifold Assault         Tloc           2%         N/A       100%        5
 Death Channel            Necr           10%        N/A       98%         6


Dungeon Overview and Level Annotations

Branches:
Dungeon (4/15)
 Temple: D:4-7

Altars:
Nemelex Xobeh
Sif Muna


Innate Abilities, Weirdness & Mutations

You have a tail ending in a sharp stinger.


Message History

Aiming: Pain (safe; 2% risk of failure)
Press: ? - help, Shift-Dir - straight line, f/p - orc wizard
Aim: an orc wizard, wielding a +0 dagger and wearing a +0 robe (lightly wounded, chance to affect: 78%)
The orc wizard writhes in agony.
The orc wizard hits you with a +0 dagger.
The orc hits you but does no damage.
The orc wizard gestures at you while chanting.
The puff of flame hits you.
* * * LOW HITPOINT WARNING * * *
The orc hits you from afar with a +0 trident.
* * * LOW HITPOINT WARNING * * *
The orc wizard points at you and mumbles some strange words.
You resist with some effort. The orc closely misses you.
The orc wizard gestures at you while chanting.
The puff of flame hits you.
* * * LOW HITPOINT WARNING * * *
Your magical contamination has completely faded away.
The orc completely misses you.
The orc wizard points at you and mumbles some strange words.
You are confused.
The orc barely misses you.
It was a potion of might.
You feel very mighty all of a sudden. The orc closely misses you.
You bump into the rock wall.
The orc wizard hits you but does no damage.
The orc barely misses you.
You're too confused to cast spells.
The orc wizard closely misses you. The orc hits you but does no damage.
It was a potion of curing.
You feel better.
The orc wizard hits you but does no damage.
The orc hits you with a +0 trident.
* * * LOW HITPOINT WARNING * * *
Casting: Pain (safe; 2% risk of failure)
Confirm with . or Enter, or press ? or * to list all spells.
Okay, then.
The orc barely misses you.
The orc hits you from afar with a +0 trident.
You die...

....# .....# ##
.....#.. ...... #
#.... ###
...###..###.#
#.........#.###
#....@.o....# ##
##....#.o....# #.#
#.....#....8!#
.(..##...........#
...$##.........###
...........##..##
#.....$........#
##......)..[...##
.......<.......#


You could see an orc wizard and an orc.

Vanquished Creatures
  A necrophage (D:3)
  An orc priest (D:4)
  Jessica (D:2)
  4 adders
  2 worms
  5 dart slugs
  2 orcs (D:4)
  3 ball pythons
  3 bats
  6 endoplasms
  A giant cockroach (D:3)
  5 goblins
  6 hobgoblins
  4 quokkas
  3 frilled lizards
  6 kobolds
  4 rats
57 creatures vanquished.

Vanquished Creatures (collateral kills)
  An orc (D:3)
  An endoplasm (D:2)
2 creatures vanquished.

Grand Total: 59 creatures vanquished

Notes
Turn   | Place    | Note
-------+----------+-------------------------------------------
     0 | D:1      | jlumianski the Demonspawn Necromancer began the quest for
                  | the Orb.
     0 | D:1      | Reached XP level 1. HP: 13/13 MP: 3/3
   702 | D:1      | Learned a level 1 spell: Animate Skeleton
   779 | D:1      | Gained mutation: You have a small tail. [demonic ancestry]
   779 | D:1      | Reached XP level 2. HP: 16/19 MP: 1/5
  1163 | D:2      | Reached skill level 5 in Necromancy
  1163 | D:2      | Reached XP level 3. HP: 20/24 MP: 2/6
  1426 | D:2      | Noticed Jessica
  1432 | D:2      | Killed Jessica
  1841 | D:2      | Gained mutation: You have a tail ending in a sharp stinger.
                  | [demonic ancestry]
  1841 | D:2      | Reached XP level 4. HP: 20/30 MP: 8/8
  2101 | D:2      | Learned a level 3 spell: Vampiric Draining
  2416 | D:3      | Noticed a necrophage
  2434 | D:3      | Killed a necrophage
  2435 | D:3      | Reached skill level 1 in Fighting
  2435 | D:3      | Reached skill level 1 in Maces & Flails
  2435 | D:3      | Reached XP level 5. HP: 24/37 MP: 2/9
  2862 | D:3      | Found a sparkling altar of Nemelex Xobeh.
  3076 | D:3      | Found a shimmering blue altar of Sif Muna.
  3303 | D:4      | HP: 1/36 [orc wizard/puff of flame (5)]
  3313 | D:4      | Slain by an orc

Illustrated notes

Levels and vault maps discovered:
D:1:      minmay_arrival_nine_rooms, layout_loops_cross
D:2:      layout_loops_corners, uniq_jessica
D:3:      layout_basic, mainiacjoe_overflow_alcove_4, nemelex_spade_bored_becter
D:4:      layout_cave_pools, serial_shops, nicolae_stop_n_shop_1,
          serial_column_ruins, column_ruins_open_tiny, column_ruins_grid_1,
          column_ruins_open_medium, column_ruins_open_tiny,
          column_ruins_columns_straight, column_ruins_grid_1

Skill      XL: |  1  2  3  4  5 |
---------------+----------------+-----
Necromancy     | 5 |  5.5
Stealth        | 2 |  2.6
Fighting       | 1 |  1.4
Maces & Flails | 1 2 |  2.0
Dodging        | 2 |  2.0
Spellcasting   | 3 |  3.2
Armour         | |  0.7

Action                   |  1- 3 |  4- 6 || total
-------------------------+-------+-------++-------
Melee: Unarmed           |     4 |       ||     4
       Short sword       |     5 |       ||     5
       Tailslap          |     2 |     9 ||    11
       Mace              |    21 |    85 ||   106
 Cast: Pain              |    18 |     8 ||    26
       Animate Skeleton  |     5 |     4 ||     9
       Vampiric Draining |       |     3 ||     3
  Use: Potion            |       |     2 ||     2
 Stab: Sleeping          |     2 |     3 ||     5
Armor: Robe              |     3 |     9 ||    12
       Leather armour    |       |    43 ||    43
Dodge: Dodged            |    18 |    60 ||    78

Table legend: (Time is in decaauts)
 A = Elapsed time spent in this place.
 B = Non-inter-level travel time spent in this place.
 C = Inter-level travel time spent in this place.
 D = Time resting spent in this place.
 E = Time spent auto-exploring this place.
 F = Levels seen in this place.
 G = Mean time per level.
                   A        B        C        D        E       F      G
               +--------+--------+--------+--------+--------+-----+--------+
         Total |   3350 |   3302 |     48 |    196 |   2398 |   4 |  837.5 |
       Dungeon |   3350 |   3302 |     48 |    196 |   2398 |   4 |  837.5 |
               +--------+--------+--------+--------+--------+-----+--------+

Top non-repeatable levels by time:
     D:2: 1387 daAuts
     D:3: 978 daAuts
     D:1: 934 daAuts
     D:4: 49 daAuts
